 Dungeon Crawl Stone Soup version 0.17.2-1-ge4368a0 (webtiles) character file.

297 Goblin1989 the Insei (level 6, 21/70 HPs)
             Began as a Demonspawn Monk on Oct 19, 2016.
             Quit the game on level 3 of the Dungeon.
             The game lasted 00:07:18 (1851 turns).

Goblin1989 the Insei (Demonspawn Monk)              Turns: 1851, Time: 00:07:18

Health: 21/70      AC: 23    Str: 13    XL:     6   Next: 12%
Magic:  6/6        EV:  2    Int: 16    God:
Gold:   176        SH:  0    Dex: 16    Spells: 0 memorised, 5 levels left

rFire  . . .     SeeInvis .       - Unarmed
rCold  . . .     Clarity  .     (armour currently unavailable)
rNeg   + + +     SustAt   .     (no shield)
rPois  +         Gourm    .     (helmet currently unavailable)
rElec  .         Spirit   .     (cloak currently unavailable)
rCorr  .         Warding  .     (gloves currently unavailable)
rMut   .         NoTele   +     (boots currently unavailable)
MR     .....                    (no amulet)
Stlth  ++........               (no ring)
                                (no ring)

@: brilliant, tree-form (expiring), very slightly contaminated, not resistant to
hostile enchantments, unstealthy
A: (hooves 0), (yellow scales 0), powered by pain 1
a: no special abilities


You were on level 3 of the Dungeon.
You were very hungry.
You were a tree.
You visited 1 branch of the dungeon, and saw 3 of its levels.

You collected 176 gold pieces.

Inventory:

Armour
 d - a +0 ring mail (melded)
Scrolls
 c - 3 scrolls of immolation {unknown}
 f - 2 scrolls of fog
 k - 2 scrolls of remove curse {@r2}
 n - a scroll of enchant armour {unknown}
 o - a scroll of blinking {unknown}
Potions
 a - a potion of lignification {!q}
 g - 3 potions of curing {@q1}
Comestibles
 b - 3 bread rations {@e1}
 i - a meat ration {@e2}


   Skills:
 - Level 3.0 Fighting
 - Level 2.6 Dodging
 - Level 1.7 Stealth
 + Level 6.8 Unarmed Combat


You had 5 spell levels left.
You didn't know any spells.

Dungeon Overview and Level Annotations

Branches:
Dungeon (3/15)

Altars:
Ashenzari


Innate Abilities, Weirdness & Mutations

((You have large cloven feet.))
((You are partially covered in yellow scales (AC +2).))
You sometimes gain a little power by taking damage.


Message History

Your transformation is almost over.
Grinder hits you but does no damage.
You hit Grinder.
Grinder is severely wounded.
You smack Grinder!
You kill Grinder!
Your Unarmed Combat skill increases to level 6!
You have reached level 5!
Your demonic ancestry asserts itself...
Your feet thicken and deform.
You have reached level 6!
Your experience leads to an increase in your attributes!
Your base attributes are Str 12, Int 11, Dex 16.
Increase (S)trength, (I)ntelligence, or (D)exterity?
You feel stronger.
Your demonic ancestry asserts itself...
Yellow scales grow over part of your body.
You regained 4 hp, and now have 21/70 hp.
MP restored: 6 Unknown command.
Are you sure you want to abandon this character and quit the game? (Confirm with "yes".)

▓▓▓▓▓≈···▓▓
▓≈≈≈≈≈....█
▓≈·≈···...█
▓≈≈≈···?..█
▓·······..█
▓▓▓▓▓▓▓▓..█ ▓█.█
█.█ █♣█
█.████████████████
█.................
█████████████.████
█.████ █.██..
█.██.█ █.██.█
█.██.█


There were no monsters in sight!

Vanquished Creatures
  Grinder (D:3)
  Jessica (D:2)
  A gnoll (D:1)
  2 oozes
  A worm (D:3)
  5 giant geckos
  2 orcs (D:3)
  2 ball pythons (D:1)
  A giant cockroach (D:1)
  5 hobgoblins
  7 jackals
  4 kobolds
  6 bats
  3 giant newts (D:1)
  3 goblins
  4 rats
48 creatures vanquished.

Notes
Turn   | Place    | Note
--------------------------------------------------------------
     0 | D:1      | Goblin1989 the Demonspawn Monk began the quest for the Orb.
     0 | D:1      | Reached XP level 1. HP: 18/18 MP: 1/1
   146 | D:1      | Reached skill level 4 in Unarmed Combat
   147 | D:1      | Gained mutation: You sometimes gain a little power by taking damage. [demonic ancestry]
   147 | D:1      | Reached XP level 2. HP: 17/24 MP: 2/2
   148 | D:1      | Found a shattered altar of Ashenzari.
   468 | D:1      | Reached XP level 3. HP: 3/29 MP: 3/3
  1149 | D:2      | Noticed Jessica
  1161 | D:2      | Killed Jessica
  1161 | D:2      | Reached skill level 5 in Unarmed Combat
  1161 | D:2      | Reached XP level 4. HP: 27/35 MP: 4/4
  1819 | D:3      | Noticed Grinder
  1821 | D:3      | Paralysed by Grinder for 3 turns
  1850 | D:3      | Killed Grinder
  1850 | D:3      | Reached skill level 6 in Unarmed Combat
  1850 | D:3      | Gained mutation: You have large cloven feet. [demonic ancestry]
  1850 | D:3      | Reached XP level 5. HP: 19/41 MP: 5/5
  1850 | D:3      | Gained mutation: You are partially covered in yellow scales (AC +2). [demonic ancestry]
  1850 | D:3      | Reached XP level 6. HP: 21/47 MP: 6/6
  1851 | D:3      | Quit the game

Action                   |  1- 3 |  4- 6 || total
-------------------------+-------+-------++-------
Melee: Unarmed           |    93 |    74 ||   167
  Use: Scroll            |     1 |     5 ||     6
       Potion            |       |     4 ||     4
 Stab: Sleeping          |     3 |       ||     3
  Eat: Chunk             |       |     2 ||     2

Vault maps used:
D:1:      dpeg_arrival_three_bigger_balls, evilmike_ruin_ashenzari
D:2:      first_bread, serial_corexii_hall, corexii_hall_statues_l,
          corexii_hall_statues_x, uniq_jessica
D:3:      portal_sewer_entry_e, nemelex_deck, uniq_iyjb, uniq_grinder,
          uniq_crazy_yiuf_cottage
